 Dungeon Crawl Stone Soup version 0.29.0-4-gdea44cf6ec (webtiles) character file.

Game seed: 4719652653453940115

128 qw the Chopper (level 5, -5/30 HPs)
             Began as a Tengu Warper on Aug 28, 2022.
             Succumbed to a kobold's poison
             ... on level 2 of the Dungeon.
             The game lasted 00:00:17 (3237 turns).

qw the Chopper (Tengu Warper)                       Turns: 3237, Time: 00:00:17

Health: -5/30      AC:  9    Str: 13    XL:     5   Next: 12%
Magic:  9/9        EV:  7    Int: 13    God:
Gold:   180        SH:  0    Dex: 14    Spells: 8/8 levels left

rFire   . . .      SeeInvis .   Y - +0 war axe
rCold   . . .      Faith    .   (no shield)
rNeg    . . .      Spirit   .   m - +0 chain mail
rPois   .          Reflect  .   j - +1 hat
rElec   .          Harm     .   (no cloak)
rCorr   .          Rampage  .   (no gloves)
Will    .....                   (boots unavailable)
Stlth   ..........              (no amulet)
HPRegen 0.10/turn               (no ring)
MPRegen 0.11/turn               (no ring)

@: lethally poisoned (-5 -> -31), flying quickly and evasively, quick
A: beak, talons 3, nimble flight
a: no special abilities


You were on level 2 of the Dungeon.
You visited 1 branch of the dungeon, and saw 3 of its levels.

You collected 180 gold pieces.


Innate Abilities, Weirdness & Mutations

You have a beak for a mouth.
You have claws for feet.
Your magical nature lets you fly swiftly and evasively.


   Skills:
 - Level 2.0 Fighting
 + Level 5.6 Axes
 - Level 1.0 Throwing
 - Level 1.1 Armour
 - Level 2.1 Dodging
 - Level 2.0 Spellcasting
 - Level 2.4 Translocations


You had 8 spell levels left.
You didn't know any spells.
Your spell library contained the following spells:

 Spells                   Type           Power      Damage    Failure   Level
 Blink                    Tloc           14%        N/A       99%         2
 Gell's Gravitas          Tloc           7%         N/A       100%        3
 Lesser Beckoning         Tloc           7%         N/A       100%        3
 Teleport Other           Tloc           7%         N/A       100%        3
 Manifold Assault         Tloc           7%         N/A       100%        5

Inventory:

Hand Weapons
 h - a +0 whip
 Y - a +0 war axe (weapon)
Armour
 j - a +1 hat (worn)
 m - a +0 chain mail (worn)
Jewellery
 c - an amulet of the acrobat
Scrolls
 a - 2 scrolls of identify
 b - a scroll of enchant weapon {unknown}
 d - a scroll of silence {unknown}
Potions
 e - a potion of berserk rage {unknown}
 g - a potion of curing
 k - 2 potions of heal wounds {unknown}
 n - a potion of haste {unknown}

Dungeon Overview and Level Annotations

Branches:
Dungeon (3/15)

Altars:


Message History

You now have 162 gold pieces (gained 16).
Found a stone staircase leading down.
Enter note: You now have 172 gold pieces (gained 10).
k - 2 ruby potions (gained 1)
You now have 180 gold pieces (gained 8).
Found a Trismegistus Codex.
Found a stone staircase leading up.
Enter note:
Enter note:
Enter note: A kobold comes into view.
It is wielding a +0 dagger and quivering poisoned darts.
The kobold shouts!
The kobold throws a poisoned dart.
The poisoned dart hits you!
You are poisoned.
Enter note:
Enter note: You feel sick.
The kobold throws a poisoned dart.
The poisoned dart hits you!
You are more poisoned.
You feel very sick.
The kobold throws a poisoned dart.
The poisoned dart hits you!
You are more poisoned.
3232 ||| FLEEEEING.
You feel very sick.
3233 ||| FLEEEEING.
You feel very sick.
The kobold throws a poisoned dart.
The poisoned dart hits you!
You are lethally poisoned!
3234 ||| FLEEEEING.
You feel very sick.
3235 ||| FLEEEEING.
You feel very sick.
The kobold throws a poisoned dart.
The poisoned dart closely misses you.
There is a stone staircase leading up here.
3236 ||| STAIRDANCE You feel very sick.
The kobold throws a poisoned dart.
The poisoned dart hits you!
You are more poisoned.
You fly upwards.
You die...

## #......###.....#
#.#.#######
#..............#####.#........
#......#..........#...........
#......#..........#..#.#######
######.#.............###
#............#...##...#
#........#.........##.#
#........#.........##.#
#####........#.#@......##.#
...........###.##......##.#
##########.# #.##......##.#
#.# #.##......##.# #.#
#.##########.# #.# #.# #.#
#.###.# #.# #.....# #.#
####### #.#######


There were no monsters in sight!

Vanquished Creatures
  An orc wizard (D:2)
  3 adders
  5 worms
  3 orcs (D:2)
  4 ball pythons
  4 bats
  7 endoplasms
  3 giant cockroaches
  5 goblins
  7 hobgoblins
  4 jackals (D:2)
  A quokka (D:2)
  A frilled lizard (D:3)
  5 kobolds
  A rat (D:1)
54 creatures vanquished.

Notes
Turn   | Place    | Note
-------+----------+-------------------------------------------
     0 | D:1      | qw the Tengu Warper began the quest for the Orb.
     0 | D:1      | Reached XP level 1. HP: 12/12 MP: 4/4
     0 | D:1      | 0 ||| qw: Version: 0.1-a-89-g26bdef1
     0 | D:1      | 0 ||| qw: Game counter: 2832
     0 | D:1      | 0 ||| qw: Always use a shield: true
     0 | D:1      | 0 ||| qw: God list: Okawaru
     0 | D:1      | 0 ||| qw: Allow faded altars: false
     0 | D:1      | 0 ||| qw: Do Orc after D:15 true
     0 | D:1      | 0 ||| qw: Do second Lair branch before Depths: true
     0 | D:1      | 0 ||| qw: Lair rune preference: random
     0 | D:1      | 0 ||| qw: Plans: Normal
     0 | D:1      | 0 ||| PLANNING D:1-11
   390 | D:1      | Reached skill level 3 in Axes
   390 | D:1      | Reached XP level 2. HP: 17/17 MP: 6/6
   644 | D:1      | 644 ||| UPGRADING to +0 scale mail.
   654 | D:1      | 654 ||| DROPPING +0 leather armour.
   655 | D:1      | 655 ||| READING scroll labelled VAISAFERUCIL.
   660 | D:1      | 660 ||| READING scroll labelled ASUOTI LITOTT.
   661 | D:1      | 661 ||| READING scroll labelled PIOCOI GOSO.
   662 | D:1      | 662 ||| READING scroll labelled GEUNEP WEUDGH.
   663 | D:1      | 663 ||| DROPPING scroll of blinking.
   712 | D:2      | 712 ||| Stepping ~*~*~tactically~*~*~ (stealth).
   766 | D:2      | 766 ||| FLEEEEING.
   969 | D:2      | HP: 3/17 [worm (3)]
   971 | D:2      | HP: 1/17 [worm (2)]
   974 | D:2      | Reached XP level 3. HP: 1/21 MP: 7/7
  1323 | D:2      | Reached skill level 4 in Axes
  1353 | D:2      | 1353 ||| Stepping ~*~*~tactically~*~*~ (hiding).
  1485 | D:2      | Reached XP level 4. HP: 26/26 MP: 8/8
  1550 | D:2      | 1550 ||| SWAPPING to +0 war axe.
  1551 | D:2      | 1551 ||| DROPPING +0 hand axe.
  1696 | D:2      | Reached skill level 5 in Axes
  2119 | D:2      | 2119 ||| UPGRADING to +1 hat.
  2124 | D:2      | 2124 ||| UPGRADING to +0 chain mail.
  2134 | D:2      | 2134 ||| DROPPING +0 scale mail.
  2135 | D:2      | 2135 ||| READING 2 scrolls labelled KUIHYNE TESEF.
  2136 | D:2      | 2136 ||| READING scroll labelled ULETHIE XAVOED.
  2137 | D:2      | 2137 ||| READING scroll labelled WUXASI WOTHRY.
  2138 | D:2      | 2138 ||| DRINKING 2 amethyst potions.
  2139 | D:2      | 2139 ||| READING 3 scrolls of identify.
  2139 | D:2      | 2139 ||| IDENTIFYING cyan potion
  2140 | D:2      | 2140 ||| READING 2 scrolls of identify.
  2140 | D:2      | 2140 ||| IDENTIFYING orange potion
  2141 | D:2      | 2141 ||| DROPPING potion of attraction.
  2142 | D:2      | 2142 ||| DROPPING scroll of immolation.
  2143 | D:2      | 2143 ||| DROPPING potion of brilliance.
  2144 | D:2      | 2144 ||| Stepping randomly (stuck).
  2145 | D:2      | 2145 ||| Stepping ~*~*~tactically~*~*~ (cloud).
  2150 | D:2      | HP: 6/26 [poisoned by you (poison gas)]
  2444 | D:3      | 2444 ||| STAIRDANCE
  2451 | D:3      | 2451 ||| STAIRDANCE
  2591 | D:3      | 2591 ||| Stepping ~*~*~tactically~*~*~ (stealth).
  2604 | D:3      | 2604 ||| FLEEEEING.
  2608 | D:3      | 2608 ||| FLEEEEING.
  2609 | D:3      | 2609 ||| FLEEEEING.
  2610 | D:3      | 2610 ||| FLEEEEING.
  2611 | D:3      | 2611 ||| FLEEEEING.
  2620 | D:3      | 2620 ||| STAIRDANCE
  2698 | D:3      | Found a faded altar of an unknown god.
  2730 | D:3      | 2730 ||| Stepping ~*~*~tactically~*~*~ (stealth).
  2731 | D:3      | 2731 ||| Stepping ~*~*~tactically~*~*~ (stealth).
  2732 | D:3      | 2732 ||| Stepping ~*~*~tactically~*~*~ (stealth).
  2949 | D:3      | Gained mutation: Your magical nature lets you fly swiftly
                  | and evasively. [Tengu growth]
  2949 | D:3      | Reached XP level 5. HP: 30/30 MP: 9/9
  3232 | D:3      | 3232 ||| FLEEEEING.
  3233 | D:3      | 3233 ||| FLEEEEING.
  3234 | D:3      | 3234 ||| FLEEEEING.
  3235 | D:3      | 3235 ||| FLEEEEING.
  3235 | D:3      | HP: 7/30 [poisoned by a kobold]
  3236 | D:3      | 3236 ||| STAIRDANCE
  3236 | D:3      | HP: 3/30 [poisoned by a kobold]
  3237 | D:2      | Succumbed to a kobold's poison

Levels and vault maps discovered:
D:1:      dpeg_arrival_windows_large_door, layout_basic
D:2:      layout_basic, minmay_pentomino_v4
D:3:      layout_rooms, hellmonk_ecumenical_altar_leap_of_faith

Skill      XL: |  1  2  3  4 |
---------------+-------------+-----
Axes           | 3 4 5 |  5.6
Fighting       | |  2.0
Throwing       | |  1.0
Armour         | |  1.1
Dodging        | |  2.1
Spellcasting   | |  2.0
Translocations | |  2.4

Action                   |  1- 3 |  4- 6 || total
-------------------------+-------+-------++-------
Melee: Hand axe          |    66 |     5 ||    71
       Kick              |    15 |    13 ||    28
       Peck              |     8 |     6 ||    14
       Punch             |     1 |       ||     1
       War axe           |       |    61 ||    61
Throw: Boomerang         |     7 |       ||     7
  Use: Scroll            |     4 |     5 ||     9
       Potion            |       |     1 ||     1
Armor: Leather armour    |     6 |       ||     6
       Scale mail        |    37 |    14 ||    51
       Chain mail        |       |    23 ||    23
Dodge: Dodged            |    33 |    20 ||    53

Table legend:
 A = Non-vault XP
 B = Vault XP
 C = Vault XP percentage of total XP
 D = Non-vault monster count
 E = Vault monster count
 F = Vault count percentage of total count
                 A         B        C        D         E       F
            +---------+---------+-------+---------+---------+-------
      Total |     175 |       9 |   4.9 |      51 |       3 |   5.6
            +---------+---------+-------+---------+---------+-------
        D:1 |      14 |       0 |   0.0 |       8 |       0 |   0.0
        D:2 |     102 |       9 |   8.1 |      29 |       3 |   9.4
        D:3 |      59 |       0 |   0.0 |      14 |       0 |   0.0
            +---------+---------+-------+---------+---------+-------
